 Dungeon Crawl Stone Soup version 0.25-a0-516-g7d600cd (webtiles) character file.

Game seed: 1666126830494396900, levelgen mode: deterministic

60 relicbr the Gusty (level 3, -1/26 HPs)
             Began as a Draconian Air Elementalist on Feb 16, 2020.
             Killed from afar by Natasha (6 damage)
             ... with a magic dart
             ... on level 2 of the Dungeon.
             The game lasted 00:04:16 (2082 turns).

relicbr the Gusty (Draconian Air Elementalist)      Turns: 2082, Time: 00:04:16

Health: -1/26      AC:  5    Str: 10    XL:     3   Next: 82%
Magic:  5/6        EV: 12    Int: 16    God:
Gold:   59         SH:  0    Dex: 11    Spells: 5/6 levels left

rFire    . . .     SeeInvis .   g - +0 short sword
rCold    . . .     Gourm    .   (no shield)
rNeg     . . .     Faith    .   (armour unavailable)
rPois    .         Spirit   .   (helmet restricted)
rElec    .         Reflect  .   (no cloak)
rCorr    .         Harm     .   (no gloves)
MR       .....                  (no boots)
Stlth    ++........             (no amulet)
HPRegen  0.08/turn              (no ring)
MPRegen  0.10/turn              (no ring)

@: no status effects
A: unfitting armour, cold-blooded, AC +5
a: no special abilities


You were on level 2 of the Dungeon.
You were hungry.

You visited 1 branch of the dungeon, and saw 2 of its levels.

You collected 59 gold pieces.

Inventory:

Hand Weapons
 g - a +0 short sword (weapon)
Jewellery
 f - a cursed ring of attention {unknown}
 h - an uncursed ring of stealth {unknown}
 j - an uncursed ring of wizardry {unknown}
Scrolls
 a - a scroll of remove curse {unknown}
 d - a scroll of identify {unknown}
 k - a scroll of teleportation {unknown}
Potions
 c - a potion of haste {unknown}
 e - a potion of might {unknown}
 i - 2 potions of heal wounds {unknown}
 l - a potion of mutation {unknown}
 m - a potion of curing {unknown}
Comestibles
 b - 2 rations


   Skills:
 - Level 1.7 Dodging
 - Level 1.7 Stealth
 - Level 2.0 Spellcasting
 - Level 1.0 Conjurations
 * Level 4.8 Air Magic


You had 5 spell levels left.
You knew the following spells:

 Your Spells              Type           Power        Failure   Level  Hunger
a - Shock                 Conj/Air       ##..         6%          1    #......

Your spell library contained the following spells:

 Spells                   Type           Power        Failure   Level  Hunger
 Swiftness                Chrm/Air       #.......     12%         2    ###....
 Static Discharge         Conj/Air       ##......     19%         3    ###....
 Airstrike                Air            ###.......   28%         4    #####..
 Lightning Bolt           Conj/Air       ##........   86%         5    ######.


Dungeon Overview and Level Annotations

Branches:
Dungeon (2/15)

Altars:

Annotations:
D:2 Natasha


Innate Abilities, Weirdness & Mutations

Your plain brown scales are hard. (AC +5)
You cannot fit into any form of body armour.
You are cold-blooded and may be slowed by cold attacks.


Message History

Natasha is lightly wounded.
The zap hits Natasha but does no damage.
Natasha is lightly wounded.
Casting: Shock (safe; 6% risk of failure)
Confirm with . or Enter, or press ? or * to list all spells.
Aiming: Shock (safe; 6% risk of failure)
Press: ? - help, Shift-Dir - straight line That beam is likely to hit you.
Continue anyway?
Okay, then.
Natasha claws you!
* * * LOW HITPOINT WARNING * * *
Casting: Shock (safe; 6% risk of failure)
Confirm with . or Enter, or press ? or * to list all spells.
Aiming: Shock (safe; 6% risk of failure)
Press: ? - help, Shift-Dir - straight line That beam is likely to hit you.
Continue anyway?
Okay, then.
Natasha casts a spell at you. The magic dart hits you.
You die...

####### #...... #...... ######
####...... .....# #####
#......... ####.# #...#
#...#.###.
####.########.h.########...#.###.
................@................
####.###################...#.#...
####.###################...#.##.#
......)..........................
.###.#######......##....#.#####.#
.# #.# #......##....#..#....# .#
#.# #....)###.......#.#### .###.#
########..).....#.#... .....#
#.#.....<..#...


You could see Natasha.

Vanquished Creatures
  An ooze (D:1)
  A worm (D:2)
  A dart slug (D:1)
  A leopard gecko (D:2)
  4 bats (D:1)
  A giant cockroach (D:1)
  5 goblins
  5 hobgoblins
  6 jackals (D:1)
  3 quokkas (D:2)
  A ball python (D:1)
  6 frilled lizards
  7 kobolds
  3 rats
45 creatures vanquished.

Notes
Turn   | Place    | Note
-------+----------+-------------------------------------------
     0 | D:1      | relicbr the Draconian Air Elementalist began the quest for
                  | the Orb.
     0 | D:1      | Reached XP level 1. HP: 14/14 MP: 3/3
   128 | D:1      | Reached XP level 2. HP: 17/20 MP: 0/5
   398 | D:1      | Reached skill level 4 in Air Magic
   893 | D:1      | Reached XP level 3. HP: 21/26 MP: 0/6
  2076 | D:2      | Noticed Natasha
  2082 | D:2      | Killed from afar by Natasha

Levels and vault maps discovered:
D:1:      dpeg_arrival_leaves_temple_mockup, layout_basic
D:2:      layout_basic, uniq_natasha

Skill      XL: |  1  2 |
---------------+-------+-----
Air Magic      | 4 |  4.8
Dodging        | |  1.7
Stealth        | |  1.7
Spellcasting   | |  2.0
Conjurations   | |  1.0

Action                   || total
-------------------------++-------
Melee: Unarmed           ||    60
       Tailslap          ||    11
       Short sword       ||    42
 Cast: Shock             ||    59
 Stab: Sleeping          ||     5
  Eat: Chunk             ||     4
Armor: Skin              ||    35
Dodge: Dodged            ||    95

Table legend:
 A = Non-vault XP
 B = Vault XP
 C = Vault XP percentage of total XP
 D = Non-vault monster count
 E = Vault monster count
 F = Vault count percentage of total count
                 A         B        C        D         E       F
            +---------+---------+-------+---------+---------+-------
      Total |      87 |       0 |   0.0 |      45 |       0 |   0.0
            +---------+---------+-------+---------+---------+-------
        D:1 |      62 |       0 |   0.0 |      33 |       0 |   0.0
        D:2 |      25 |       0 |   0.0 |      12 |       0 |   0.0
            +---------+---------+-------+---------+---------+-------
